 Dungeon Crawl Stone Soup version 0.29.1-12-g30fa7ad0bf (webtiles) character file.

Game seed: 10264318245672629377

57 Linkola the Covered (level 3, 0/33 HPs)
             Began as a Minotaur Fighter on Dec 26, 2022.
             Slain by a hobgoblin (4 damage)
             ... led by Robin
             ... on level 2 of the Dungeon.
             The game lasted 00:02:51 (1072 turns).

Linkola the Covered (Minotaur Fighter)              Turns: 1072, Time: 00:02:51

Health: 0/33       AC:  7    Str: 22    XL:     3   Next: 73%
Magic:  2/2        EV:  9    Int:  5    God:
Gold:   43         SH:  4    Dex:  9    Spells: 2/2 levels left

rFire   . . .      SeeInvis .   a - +0 war axe
rCold   . . .      Faith    .   c - +0 buckler
rNeg    . . .      Spirit   .   b - +0 scale mail
rPois   .          Reflect  .   (helmet restricted)
rElec   .          Harm     .   (no cloak)
rCorr   +          Rampage  .   (no gloves)
Will    .....                   (no boots)
Stlth   ..........              (no amulet)
HPRegen 0.11/turn               i - ring of resist corrosion
MPRegen 0.08/turn               (no ring)

@: no status effects
A: horns 2, retaliatory headbutt
a: no special abilities


You were on level 2 of the Dungeon.
You visited 1 branch of the dungeon, and saw 2 of its levels.

You collected 43 gold pieces.

Inventory:

Hand Weapons
 a - a +0 war axe (weapon)
Missiles
 e - a stone (quivered)
Armour
 b - a +0 scale mail (worn)
 c - a +0 buckler (worn)
Jewellery
 i - a ring of resist corrosion (left hand)
Potions
 d - a potion of might
 f - a potion of curing {unknown}
 h - a potion of brilliance {unknown}


   Skills:
 + Level 4.2 Fighting
 + Level 3.2 Axes
 * Level 1.1 Throwing
 + Level 4.2 Armour
 + Level 3.9 Shields


You had 2 spell levels left.
You didn't know any spells.
Your spell library contained the following spells:

 Spells                   Type           Power      Damage    Failure   Level
 Slow                     Hex            0%         N/A       87%         1
 Confusing Touch          Hex            0%         N/A       99%         3
 Vampiric Draining        Necr           0%         2d6       99%         3


Dungeon Overview and Level Annotations

Branches:
Dungeon (2/15)

Altars:

Annotations:
D:2 Robin


Innate Abilities, Weirdness & Mutations

You have a pair of horns on your head.
You reflexively headbutt those who attack you in melee.


Message History

You block the goblin's attack. The goblin misses you.
The goblin hits you but does no damage. Robin throws the goblin at you!
You hit the goblin.
You kill the goblin!
You hit the goblin. You closely miss the goblin. The goblin closely misses you.
The goblin hits you with a +0 dagger.
You hit the goblin.
You kill the goblin!
You closely miss the goblin. You hit the hobgoblin.
You kill the hobgoblin!
You hit the goblin. Robin throws the goblin at you!
The goblin hits you but does no damage. The goblin barely misses you.
You slash the goblin!
You kill the goblin!
You hit the goblin.
You kill the goblin!
You hit the goblin.
You kill the goblin!
You hit the goblin. You barely miss the goblin. The goblin barely misses you.
The goblin hits you with a +2 dagger of protection.
The goblin hits you with a +0 club.
The hobgoblin hits you but does no damage.
The goblin hits you with a +2 dagger of protection.
You are too injured to fight recklessly!
You are too injured to fight recklessly!
You are too injured to fight recklessly!
You are too injured to fight recklessly!
You are too injured to fight recklessly!
The goblin attacks as you move away! The goblin barely misses you.
You furiously retaliate!
You headbutt the goblin. The goblin hits you with a +0 club.
The hobgoblin hits you.
* * * LOW HITPOINT WARNING * * *
The endoplasm freezes you.
You are frozen.
* * * LOW HITPOINT WARNING * * *
You barely miss the endoplasm. You barely miss the goblin.
You slash the goblin!
You kill the goblin!
You hit the hobgoblin. The hobgoblin hits you.
You die...

.........
....(....
#.......##
.........#
)........#
..<.....g#
....[..gJ####
......)g@...#
......)))..##
.~~.)......#
~..~.......##
~..~..~~...~##
..~..~..~..~~#
..~.⌠~..~..~~#
.~..~⌠.~...~~#
.~..~..~..~~~#


You could see Robin, an endoplasm, a hobgoblin (strong) and a goblin (strong).

Vanquished Creatures
  A dart slug (D:1)
  9 bats
  6 endoplasms
  A giant cockroach (D:1)
  11 goblins
  6 hobgoblins
  6 ball pythons
  10 frilled lizards
  2 rats
52 creatures vanquished.

Notes
Turn   | Place    | Note
-------+----------+-------------------------------------------
     0 | D:1      | Linkola the Minotaur Fighter began the quest for the Orb.
     0 | D:1      | Reached XP level 1. HP: 19/19 MP: 0/0
   119 | D:1      | Reached XP level 2. HP: 27/27 MP: 1/1
   350 | D:1      | Reached XP level 3. HP: 33/33 MP: 2/2
  1038 | D:2      | Reached skill level 1 in Throwing
  1065 | D:2      | Noticed Robin
  1072 | D:2      | Slain by a hobgoblin

Illustrated notes

Levels and vault maps discovered:
D:1:      spicycebolla_green_bress_n_ham_2, layout_basic, serial_aquarium,
          aquarium_bridge_straight [aquarium_subvault_bridge,
          aquarium_subvault_window, aquarium_subvault_bridge,
          aquarium_subvault_wall], aquarium_window_3, aquarium_window_fake,
          aquarium_window_fake, aquarium_view_2d, aquarium_pool_four
D:2:      cheibrodos_helix_gallery, layout_rooms, serial_glass, glass_columns_a,
          glass_columns_a, uniq_robin

Skill      XL: |  1  2  3 |
---------------+----------+-----
Armour         | 4 |  4.2
Fighting       | 4 |  4.2
Throwing       | 1 |  1.1
Axes           | 3 |  3.2
Shields        | |  3.9

Action                   || total
-------------------------++-------
Melee: War axe           ||    69
       Headbutt          ||     7
Throw: Stone             ||    14
  Use: Scroll            ||     5
Armor: Scale mail        ||    36
Dodge: Dodged            ||    41
Block: Buckler           ||    13
